 Dungeon Crawl Stone Soup version 0.24.0-123-gd5b16e6ec5 (webtiles) character file.

Game seed: 9232610653766994036, levelgen mode: deterministic

522 FishyPogo the Fruitful (level 7, -7/54 HPs)
             Began as a Demonspawn Monk on Dec 22, 2019.
             Was a Priest of Fedhas.
             Mangled by Pikel
             ... wielding a +0 whip of flaming
              (11 damage)
             ... on level 5 of the Dungeon.
             The game lasted 00:08:55 (4270 turns).

FishyPogo the Fruitful (Demonspawn Monk)            Turns: 4270, Time: 00:08:56

Health: -7/54      AC:  4    Str: 13    XL:     7   Next: 1%
Magic:  10/10      EV: 13    Int: 11    God:    Fedhas [***...]
Gold:   218        SH:  5    Dex: 16    Spells: 6/6 levels left

rFire    x . .     SeeInvis .   w - +0 dagger (venom)
rCold    + + .     Gourm    .   d - +0 buckler
rNeg     . . .     Faith    .   a - +1 leather armour {rC+}
rPois    .         Spirit   .   (no helmet)
rElec    .         Reflect  .   (no cloak)
rCorr    .         Harm     .   (no gloves)
MR       .....                  (no boots)
Stlth    ++........             (no amulet)
HPRegen  0.18/turn              f - ring of ice
MPRegen  0.12/turn              (no ring)

@: no status effects
A: talons 1, demonic guardian 1, powered by death 1
a: Wall of Briars, Grow Ballistomycete, Renounce Religion


You were on level 5 of the Dungeon.
You worshipped Fedhas.
Fedhas was most pleased with you.
You were not hungry.

You visited 1 branch of the dungeon, and saw 5 of its levels.

You collected 218 gold pieces.

Inventory:

Hand Weapons
 w - a +0 dagger of venom (weapon)
Missiles
 e - 225 stones (quivered)
 p - 10 javelins
Armour
 a - a +1 leather armour of cold resistance (worn)
 d - a +0 buckler (worn)
Jewellery
 f - a ring of ice (left hand)
 q - a +5 ring of intelligence
 u - an uncursed ring of ice
Wands
 r - a wand of random effects (19)
Scrolls
 g - 7 scrolls of identify
 h - 3 scrolls of remove curse {unknown}
 i - a scroll of blinking {unknown}
 j - a scroll of random uselessness {unknown}
 k - 2 scrolls of magic mapping
 l - a scroll of teleportation
 m - 4 scrolls of enchant weapon {unknown}
 n - a scroll of amnesia {unknown}
 o - a scroll of fog {unknown}
 s - a scroll of fear {unknown}
 x - a scroll of noise {unknown}
Potions
 b - 2 potions of mutation {unknown}
 t - a potion of heal wounds
 z - a potion of berserk rage {unknown}
Comestibles
 c - 10 rations


   Skills:
 - Level 4.0 Fighting
 - Level 3.0 Short Blades
 + Level 2.0 Armour
 - Level 3.0 Dodging
 - Level 2.0 Stealth
 - Level 4.0 Shields
 + Level 4.7 Invocations


You had 6 spell levels left.
You didn't know any spells.
Your spell library was empty.

Dungeon Overview and Level Annotations

Branches:
Dungeon (5/15)
 Temple: D:4-7

Altars:
Fedhas
Gozag
Kikubaaqudgha
Makhleb
Nemelex Xobeh
Ru
Sif Muna
Trog
Zin

Annotations:
D:5 1 transporter, Pikel


Innate Abilities, Weirdness & Mutations

You have sharp toenails.
A weak demonic guardian rushes to your aid.
You regenerate a little health from kills.


Message History

Throwing (i - inventory. (/) - cycle)
e - 226 stones (quivered)
Press: ? - help, Shift-Dir - straight line, f/p - Pikel
Aim: Pikel, wielding a +0 whip of flaming and wearing a +2 robe of positive energy (almost dead, poisoned)
You throw a stone.
The stone hits Pikel but does no damage.
Pikel is almost dead.
Pikel checks his coin pouch and frowns.
You hit Pikel but do no damage.
Pikel looks even sicker.
You claw Pikel, but do no damage.
Pikel is almost dead.
Pikel hits you with a +0 whip of flaming.
* * * LOW HITPOINT WARNING * * *
Pikel burns you.
* * * LOW HITPOINT WARNING * * *
You hit Pikel but do no damage.
Pikel looks as sick as possible!
You claw Pikel, but do no damage.
Pikel is almost dead.
Pikel hits you with a +0 whip of flaming!
You die...
Fedhas appreciates your contribution to the ecosystem.

##..# .# ## ##.#
.#? #.# #(#
#.### #p# #...#
#l# ###.# #p#
#.# #.#
#.########>#
#.##....@Kp#
#.##.#######
#.##.# ##
#######.##.## ..
#...........##.#
#.#####.##..(..#
#.# #.###.####
#.# #.# #.# #.#
#.# #.#


You could see Pikel and a slave.

Vanquished Creatures
  A slave (D:5)
  An ogre (D:4)
  A jelly (D:5)
  A hound (D:4)
  3 orc wizards
  2 orc priests
  A worker ant (D:5)
  11 adders
  An adder skeleton (D:4)
  A worm (D:3)
  3 dart slugs
  5 leopard geckos
  13 orcs
  3 bats
  3 giant cockroaches (D:1)
  9 goblins
  7 hobgoblins
  4 jackals (D:2)
  A quokka (D:2)
  3 ball pythons
  10 kobolds
  3 rats
87 creatures vanquished.

Vanquished Creatures (collateral kills)
  An orc priest (D:4)
  An orc (D:4)
2 creatures vanquished.

Vanquished Creatures (others)
  A bat (D:3)
1 creature vanquished.

Grand Total: 90 creatures vanquished

Notes
Turn   | Place    | Note
-------+----------+-------------------------------------------
     0 | D:1      | FishyPogo the Demonspawn Monk began the quest for the Orb.
     0 | D:1      | Reached XP level 1. HP: 18/18 MP: 1/1
   134 | D:1      | Gained mutation: You have sharp toenails. [demonic
                  | ancestry]
   134 | D:1      | Reached XP level 2. HP: 21/24 MP: 2/2
   196 | D:2      | Found a blossoming altar of Fedhas.
   202 | D:2      | Became a worshipper of Fedhas Madash
   202 | D:2      | Reached * piety under Fedhas
   202 | D:2      | Reached ** piety under Fedhas
   835 | D:2      | Reached XP level 3. HP: 7/29 MP: 3/3
  1086 | D:2      | Found an opulent altar of Gozag.
  1280 | D:2      | Reached skill level 1 in Invocations
  1635 | D:2      | Found a burning altar of Makhleb.
  1635 | D:2      | Noticed a cacodemon
  1638 | D:2      | Noticed a hellwing
  1638 | D:2      | Noticed a smoke demon
  1782 | D:2      | Reached skill level 1 in Shields
  1817 | D:2      | HP: 1/30 [adder (3)]
  1818 | D:2      | Gained mutation: You regenerate a little health from kills.
                  | [demonic ancestry]
  1818 | D:2      | Reached XP level 4. HP: 2/37 MP: 5/5
  2343 | D:3      | Reached *** piety under Fedhas
  2477 | D:3      | Reached XP level 5. HP: 38/42 MP: 6/6
  2501 | D:3      | Found a sparkling altar of Nemelex Xobeh.
  2509 | D:3      | Found a shimmering blue altar of Sif Muna.
  2561 | D:3      | Found a glowing silver altar of Zin.
  2630 | D:3      | Found a sacrificial altar of Ru.
  2964 | D:4      | Noticed an ogre
  3310 | D:4      | Gained mutation: A weak demonic guardian rushes to your
                  | aid. [demonic ancestry]
  3310 | D:4      | Reached XP level 6. HP: 46/48 MP: 8/8
  3379 | D:4      | Reached skill level 1 in Armour
  3396 | D:4      | HP: 2/48 [orc priest/nerve-wracking pain (14)]
  3948 | D:5      | Entered Level 5 of the Dungeon
  3948 | D:5      | Found a transporter.
  3973 | D:5      | Noticed an ice beast
  3980 | D:5      | Found an ancient bone altar of Kikubaaqudgha.
  4026 | D:5      | Found a bloodstained altar of Trog.
  4195 | D:5      | Reached XP level 7. HP: 38/54 MP: 10/10
  4232 | D:5      | Noticed Pikel
  4270 | D:5      | Mangled by Pikel

Levels and vault maps discovered:
D:1:      dpeg_arrival_pits, layout_basic
D:2:      kennysheep_six_static_rooms, layout_loops_ring,
          makhleb_altar_promises_db, grunt_gozag_statues, lemuel_round_altar
D:3:      layout_rooms, hangedman_ru_absence, grunt_temple_overflow_open,
          zin_statuary
D:4:      layout_cave_pools
D:5:      layout_loops_ring, gammafunk_temple_overflow_arena, first_ration,
          bloody_trog, uniq_pikel

Skill      XL: |  1  2  3  4  5  6 |
---------------+-------------------+-----
Stealth        | 2 |  2.0
Short Blades   | 3 |  3.0
Dodging        | 3 |  3.0
Invocations    | 1 2 3 4 |  4.7
Shields        | 1 2 3 4 |  4.0
Fighting       | 4 |  4.0
Armour         | 2 |  2.0

Action                   |  1- 3 |  4- 6 |  7- 9 || total
-------------------------+-------+-------+-------++-------
Melee: Short sword       |   116 |   130 |       ||   246
       Kick              |    17 |    57 |     7 ||    81
       Dagger            |       |    60 |    15 ||    75
Throw: Stone             |     4 |    17 |     7 ||    28
  Use: Scroll            |     2 |       |       ||     2
       Potion            |     1 |     2 |       ||     3
 Stab: Sleeping          |     3 |     4 |       ||     7
       Distracted        |       |     1 |       ||     1
  Eat: Chunk             |     3 |     8 |       ||    11
Armor: Robe              |    17 |    16 |       ||    33
       Skin              |       |     1 |       ||     1
       Leather armour    |       |     5 |     1 ||     6
Dodge: Dodged            |    82 |   105 |     3 ||   190
Block: Buckler           |       |    19 |     1 ||    20
